 Dungeon Sprint DCSS version 0.22-a0-362-g535178c (webtiles) character file.

244786 emperorscorpion the Victor of a Thousand Battles (level 18, -6/168 HPs)
             Began as a Formicid Fighter on Apr 21, 2018.
             Was the Champion of Okawaru.
             Mangled by an orc knight
             ... wielding a +0 bardiche
              (14 damage)
             ... in the Dungeon (Sprint IX: "|||||||||||||||||||||||||||||").
             The game lasted 00:37:37 (7405 turns).

emperorscorpion (FoFi)                              Turns: 7405, Time: 00:37:37

Health: -6/168     AC: 33    Str: 31    XL:     18   Next: 97%
Magic:  3/35       EV: 15    Int: 15    God:    Okawaru [******]
Gold:   421        SH: 31    Dex: 18    Spells: 17/17 levels left

rFire    . . .     SeeInvis +   a - +5 glaive (freeze)
rCold    + . .     Gourm    .   S - +0 large shield {AC+3}
rNeg     . . .     Faith    .   l - +1 plate armour of Time Monsters {rC+ MR+ Int+5} (curse)
rPois    +         Spirit   .   (helmet unavailable)
rElec    .         Reflect  +   q - +1 cloak {+Inv}
rCorr    +         Harm     .   d - +0 pair of gloves "Myhoux" {*Contam rCorr Dex+4 Stlth+}
MR       ++...                  L - +2 pair of boots {run}
Stlth    ++........             G - +5 amulet of reflection
HPRegen  0.38/turn              t - +3 ring of dexterity
MPRegen  0.24/turn              H - ring of poison resistance

@: mighty, finesse, quick
A: permanent stasis, dig shafts and tunnels, four strong arms, antennae 3,
blurry vision 1, screaming 1
}: 4/15 runes: decaying, serpentine, barnacled, gossamer
a: Dig, Heroism, Finesse, Renounce Religion, Evoke Invisibility


You were in the Dungeon.
You worshipped Okawaru.
Okawaru was exalted by your worship.
You were very hungry.

You visited 1 branch You collected 1941 gold pieces.
You spent 1520 gold pieces at shops.

Inventory:

Hand Weapons
 a - a +5 glaive of freezing (weapon)
 b - a +1 longbow
 m - a +2 rapier of electrocution
 J - the +9 falchion "Mokkox" {vamp, rElec rF+ Dex+4 Stlth+}
   (You found it in the Dungeon)

   It inflicts no extra harm, but heals its wielder when it wounds a living foe.
   It affects your dexterity (+4).
   It protects you from fire.
   It insulates you from electricity.
   It makes you more stealthy.
 P - the +7 dagger of Upheaval {flame, rElec rPois MR- Str-2}
   (Okawaru gifted it to you in the Dungeon)

   It has been specially enchanted to burn those struck by it, causing extra
   injury to most foes and up to half again as much damage against particularly
   susceptible opponents.
   It affects your strength (-2).
   It insulates you from electricity.
   It protects you from poison.
   It affects your resistance to hostile enchantments.
Missiles
 v - 7 exploding tomahawks (quivered)
 Q - 84 arrows
Armour
 c - a +0 shield
 d - the +0 pair of gloves "Myhoux" (worn) {*Contam rCorr Dex+4 Stlth+}
   (Okawaru gifted it to you in the Dungeon)

   It affects your dexterity (+4).
   It causes magical contamination when unequipped.
   It protects you from acid and corrosion.
   It makes you more stealthy.
 l - the cursed +1 plate armour of Time Monsters (worn) {rC+ MR+ Int+5}
   (You bought it in a shop in the Dungeon)

   It affects your intelligence (+5).
   It protects you from cold.
   It affects your resistance to hostile enchantments.
   It has a curse placed upon it.
 q - a +1 cloak of invisibility (worn)
 r - a +0 cloak
 w - a +0 plate armour
 y - a +0 scale mail
 A - a cursed +0 pair of boots
 B - a +1 chain mail of cold resistance
 E - a +0 pair of boots
 F - a +0 pair of gloves
 K - +0 swamp dragon scales
 L - a +2 pair of boots of running (worn)
 M - a +2 crystal plate armour
 O - a +0 pair of gloves of strength
 S - a +0 large shield of protection (worn)
Jewellery
 s - a +4 ring of evasion
 t - a +3 ring of dexterity (left hand)
 u - a +3 ring of intelligence
 x - a +6 ring of intelligence
 G - a +5 amulet of reflection (around neck)
 H - a ring of poison resistance (right hand)
 I - a +1 ring of slaying
 R - a +6 ring of strength
Wands
 p - a wand of acid (2)
Scrolls
 k - 3 scrolls of blinking
 n - 12 scrolls of remove curse
 o - 2 scrolls of amnesia
 D - 2 scrolls of enchant armour
 N - 4 scrolls of fear
 V - 4 scrolls of enchant weapon
Potions
 e - 3 potions of curing
 h - 3 potions of haste
 i - 4 potions of magic
 j - 3 potions of berserk rage
 z - 2 potions of mutation
 U - a potion of brilliance
Comestibles
 f - 11 rations
 X - a chunk of flesh


   Skills:
 - Level 22.0 Fighting
 - Level 3.3 Short Blades
 - Level 15.8(16.0) Polearms
   Level 4.2(11.4) Staves
 + Level 22.3 Bows
 - Level 22.0 Armour
 + Level 9.4 Dodging
 + Level 13.1 Stealth
 - Level 22.0 Shields
 O Level 27 Invocations
 * Level 20.1 Evocations


You had 17 spell levels left.
You didn't know any spells.

Dungeon Overview and Level Annotations

Branches:
Dungeon (1/1)

Altars:
Cheibriados
Dithmenos
Elyvilon
Fedhas
Gozag
Hepliaklqana
Kikubaaqudgha
Makhleb
Nemelex Xobeh
Okawaru
Qazlal
Ru
Sif Muna
Trog
Uskayaw
Vehumet
Wu Jian
Xom
Yredelemnul
Zin
The Shining One
Beogh
Jiyva
Lugonu

Shops:
D =*([

Annotations:
D Lom Lobon


Innate Abilities, Weirdness & Mutations

You cannot be hasted, slowed, berserked, paralysed or teleported.
You can dig through walls and to a lower floor.
Your four strong arms can wield two-handed weapons with a shield.
You have a pair of large antennae on your head. (SInv)
Scrolls take you a little longer to read.
You occasionally shout uncontrollably at your foes.


Message History

Lom Lobon is severely wounded.
Lom Lobon blinks!
You miss Lom Lobon.
Lom Lobon is severely wounded.
Evoke which item? (* to show all) (? for menu, Esc to quit)
Aiming: Corrosive Bolt
Press: ? - help, Shift-Dir - straight line, f/p - Lom Lobon
Aim: Lom Lobon (severely wounded, surrounded by restless winds)
The bolt of acid hits Lom Lobon.
Lom Lobon is splashed with acid.
The acid corrodes Lom Lobon!
Lom Lobon is severely wounded.
The bolt of acid hits the orc knight.
The orc knight is splashed with acid.
The acid corrodes the orc knight!
The orc knight is almost dead.
The bolt of acid hits the storm dragon.
The storm dragon is splashed with acid.
The acid corrodes the storm dragon!
The storm dragon is moderately wounded.
You block Lom Lobon's attack.
The orc knight hits you from afar with a bardiche!
You die...

)♣.▓)▓.▓"▓.▓†▓.▓.▓
.♣)▓.▓.▓.▓.▓.▓.▓.▓
.♣(▓)▓.▓.▓.▓(▓.▓.▓
.♣.▓)▓.▓.▓.▓.▓.▓.▓
.♣)▓.▓.▓.▓.▓.▓.▓.▓
.♣.▓.▓.▓.▓.▓.▓.▓.▓
.♣.▓.▓.▓.▓.▓'▓)▓.▓
.♣.▓.▓.▓)▓.▓)▓)▓§▓
.♣.▓.▓.▓)▓.▓(▓.▓@▓
)♣.▓.▓.▓)▓.▓)▓.▓&▓
)▓.▓)▓.▓)▓.▓)▓)▓o▓
)▓.▓.▓.▓)▓.▓)▓.▓D▓
.▓.▓.▓.▓)▓.▓.▓.▓D▓
.▓.▓.▓.▓.▓.▓.▓.▓p▓
.▓.▓.▓.▓.▓.▓.▓.▓H▓
)▓.▓.▓.▓.▓.▓.▓.▓D▓
.▓.▓)▓.▓[▓.▓.▓§▓e▓


You could see Lom Lobon, a shadow dragon, a storm dragon, an ice dragon, a
sphinx, an orc knight and an ironbrand convoker.

Vanquished Creatures
  Mara (D)
  An orb of fire (D)
  2 greater mummies (D)
  Sojobo (D)
  Frederick (D)
  Saint Roka (D)
  Xtahua (D)
  Margery (D)
  Jory (D)
  4 liches (D)
  2 Orb Guardians (D)
  A deep elf blademaster (D)
  A sphinx (D)
  A thorn hunter (D)
  4 tengu reavers (D)
  Kirke (D)
  Ilsuiw (D)
  A fire giant (D)
  7 nagarajas (D)
  2 ghost moths (D)
  A deep elf sorcerer (D)
  3 vault wardens (D)
  7 emperor scorpions (D)
  2 ironheart preservers (D)
  3 stone giants (D)
  A green draconian (D)
  2 black draconians (D)
  An ettin (D)
  A merfolk javelineer (D)
  6 merfolk impalers (D)
  2 fire dragons (D)
  A yaktaur captain (D)
  A great orb of eyes (D)
  6 hydras (D)
  2 rakshasas (D)
  25 vault guards (D)
  A spriggan air mage (D)
  2 centaur warriors (D)
  A merfolk avatar (D)
  2 tengu warriors (D)
  2 merfolk aquamancers (D)
  5 ogre magi (D)
  3 alligators (D)
  A spriggan berserker (D)
  3 deep troll shamans (D)
  2 shock serpents (D)
  A deep troll earth mage (D)
  A vampire mage (D)
  4 hell knights (D)
  An orc high priest (D)
  An iron troll (D)
  An unseen horror (D)
  6 deep trolls (D)
  A spriggan druid (D)
  A flayed ghost (D)
  3 sea snakes (D)
  5 swamp dragons (D)
  4 ironbrand convokers (D)
  A deep elf archer (D)
  A necromancer (D)
  4 orc knights (D)
  An orb spider (shapeshifter) (D)
  3 lindwurms (D)
  An orc sorcerer (D)
  2 wolf spiders (D)
  4 ugly things (D)
  2 manticores (D)
  A cyclops (D)
  An orb spider (D)
  5 naga magi (D)
  An eye of devastation (shapeshifter) (D)
  3 guardian serpents (D)
  A moth of wrath (D)
  4 black mambas (D)
  A vault sentinel (D)
  A water nymph (D)
  A torpor snail (D)
  4 spiny frogs (D)
  A freezing wraith (D)
  4 demonic crawlers (D)
  A komodo dragon (D)
  A guardian mummy (D)
  4 trolls (D)
  A jumping spider (D)
  A polar bear (D)
  5 tyrant leeches (D)
  2 hornets (D)
  3 merfolk (D)
  2 slime creatures (D)
  2 blink frogs (D)
  2 snapping turtles (D)
  4 hippogriffs (D)
  A shadow (D)
  A spriggan (D)
  3 redbacks (D)
  A yak (D)
  A tarantella (D)
  A hog (D)
  2 nagas (D)
  A vampire mosquito (D)
  A warg (D)
  A water moccasin (D)
  An acid dragon (D)
  2 porcupines (D)
  9 orc warriors (D)
  A swamp drake (D)
  A crocodile (D)
  A big kobold (D)
  4 bullfrogs (D)
  A killer bee (D)
  A howler monkey (D)
  3 orc priests (D)
  4 orc wizards (D)
  An iguana (D)
  A worker ant (D)
  An adder zombie (D)
  An adder skeleton (D)
  2 worms (D)
  9 orcs (D)
  2 bats (D)
  2 hobgoblins (D)
  A frilled lizard (D)
  A giant cockroach zombie (D)
  A goblin (D)
288 creatures vanquished.

Vanquished Creatures (others)
  A merfolk javelineer (D)
  A yaktaur captain (D)
  An ironbrand convoker (D)
  A cyclops (D)
  A human (D)
  A swamp drake (D)
  25 ball lightnings (D)
  An orc (D)
  A bat simulacrum (D)
  A block of ice (D)
34 creatures vanquished.

Grand Total: 322 creatures vanquished

Notes
Turn   | Place    | Note
-------+----------+-------------------------------------------
     0 | D        | emperorscorpion the Formicid Fighter began the quest for the Orb.
     0 | D        | Reached XP level 1. HP: 18/18 MP: 1/1
    32 | D        | Noticed a worker ant
    32 | D        | Noticed a howler monkey
    35 | D        | Reached XP level 2. HP: 22/25 MP: 2/2
    42 | D        | Reached skill level 5 in Shields
    42 | D        | Reached XP level 3. HP: 30/32 MP: 3/3
    49 | D        | Reached skill level 5 in Fighting
    49 | D        | Reached skill level 5 in Armour
    49 | D        | Reached XP level 4. HP: 35/39 MP: 4/4
    54 | D        | Found a roughly hewn altar of Beogh.
    54 | D        | Found a snail-covered altar of Cheibriados.
    54 | D        | Found a shadowy altar of Dithmenos.
    54 | D        | Found a white marble altar of Elyvilon.
    54 | D        | Found a blossoming altar of Fedhas.
    54 | D        | Found an opulent altar of Gozag.
    55 | D        | Found a hazy altar of Hepliaklqana.
    56 | D        | Found a viscous altar of Jiyva.
    57 | D        | Found an ancient bone altar of Kikubaaqudgha.
    58 | D        | Found a corrupted altar of Lugonu.
    59 | D        | Found a burning altar of Makhleb.
    60 | D        | Found a sparkling altar of Nemelex Xobeh.
    61 | D        | Found an iron altar of Okawaru.
    62 | D        | Found a stormy altar of Qazlal.
    63 | D        | Found a sacrificial altar of Ru.
    64 | D        | Found a deep blue altar of Sif Muna.
    65 | D        | Found a bloodstained altar of Trog.
    66 | D        | Found a hide-covered altar of Uskayaw.
    67 | D        | Found a radiant altar of Vehumet.
    68 | D        | Found an ornate altar of the Wu Jian Council.
    69 | D        | Became a worshipper of Warmaster Okawaru
    70 | D        | Found a shimmering altar of Xom.
    71 | D        | Found a basalt altar of Yredelemnul.
    72 | D        | Found a glowing silver altar of Zin.
    73 | D        | Found a glowing golden altar of the Shining One.
   118 | D        | Noticed a bullfrog
   118 | D        | Noticed an orc warrior
   118 | D        | Noticed a bullfrog
   118 | D        | Noticed a bullfrog
   119 | D        | Killed a bullfrog
   119 | D        | Reached skill level 1 in Dodging
   119 | D        | Reached XP level 5. HP: 47/47 MP: 5/5
   132 | D        | Killed an orc warrior
   132 | D        | Reached * piety under Okawaru
   132 | D        | Reached skill level 1 in Short Blades
   132 | D        | Reached XP level 6. HP: 19/56 MP: 6/6
   145 | D        | Reached XP level 7. HP: 22/64 MP: 5/7
   351 | D        | Noticed an orb spider
   351 | D        | Noticed a troll
   351 | D        | Noticed a manticore
   358 | D        | Killed an orb spider
   358 | D        | Reached ** piety under Okawaru
   358 | D        | Reached skill level 10 in Fighting
   358 | D        | Reached skill level 1 in Invocations
   358 | D        | Reached XP level 8. HP: 72/72 MP: 8/8
   367 | D        | Killed a troll
   367 | D        | Reached skill level 10 in Armour
   374 | D        | Killed a manticore
   374 | D        | Reached *** piety under Okawaru
   374 | D        | Reached skill level 5 in Polearms
   374 | D        | Reached XP level 9. HP: 51/81 MP: 7/10
   492 | D        | Noticed a hippogriff
   492 | D        | Noticed a komodo dragon
   492 | D        | Noticed a hippogriff
   492 | D        | Noticed a spiny frog
   495 | D        | Noticed a blink frog
   497 | D        | Killed a hippogriff
   497 | D        | Reached skill level 2 in Invocations
   499 | D        | Killed a komodo dragon
   502 | D        | Reached **** piety under Okawaru
   502 | D        | Reached skill level 5 in Dodging
   517 | D        | Killed a hippogriff
   519 | D        | Killed a spiny frog
   522 | D        | Reached ***** piety under Okawaru
   538 | D        | Killed a blink frog
   538 | D        | Reached XP level 10. HP: 39/89 MP: 12/12
   755 | D        | Noticed a spiny frog
   755 | D        | Noticed a spiny frog
   755 | D        | Noticed a black mamba
   759 | D        | Killed a spiny frog
   759 | D        | Reached skill level 10 in Polearms
   759 | D        | Reached skill level 3 in Invocations
   762 | D        | Killed a spiny frog
   767 | D        | Noticed a spiny frog
   774 | D        | Reached skill level 1 in Stealth
   785 | D        | Killed a black mamba
   785 | D        | Received a gift from Okawaru
   794 | D        | Killed a spiny frog
   856 | D        | Noticed a lindwurm
   856 | D        | Noticed a lindwurm
   862 | D        | Killed a lindwurm
   880 | D        | Reached XP level 11. HP: 71/97 MP: 6/13
   899 | D        | Noticed a lindwurm
   903 | D        | Reached skill level 4 in Invocations
   907 | D        | Killed a lindwurm
   918 | D        | Killed a lindwurm
   918 | D        | Reached skill level 15 in Shields
   918 | D        | Reached skill level 1 in Evocations
  1271 | D        | Noticed an orc knight
  1288 | D        | Killed an orc knight
  1298 | D        | Noticed an orc high priest
  1314 | D        | Noticed a sixfirhy
  1317 | D        | Killed an orc high priest
  1317 | D        | Reached skill level 5 in Invocations
  1418 | D        | Noticed an orc knight
  1418 | D        | Noticed an orc knight
  1436 | D        | Killed an orc knight
  1441 | D        | Noticed an orc knight
  1445 | D        | Killed an orc knight
  1617 | D        | Killed an orc knight
  1723 | D        | Reached skill level 15 in Polearms
  1783 | D        | Found Ifuci's Jewellery Emporium.
  1783 | D        | Noticed a deep troll
  1783 | D        | Noticed a deep troll
  1783 | D        | Noticed an iron troll
  1783 | D        | Noticed a stone giant
  1783 | D        | Noticed an ogre mage
  1791 | D        | Noticed an ogre mage
  1791 | D        | Killed a deep troll
  1796 | D        | Noticed a deep troll
  1799 | D        | Killed an iron troll
  1799 | D        | Received a gift from Okawaru
  1799 | D        | Reached XP level 12. HP: 44/107 MP: 14/16
  1807 | D        | Killed a stone giant
  1807 | D        | Reached skill level 6 in Invocations
  1811 | D        | Killed a deep troll
  1816 | D        | Killed an ogre mage
  1819 | D        | Killed an ogre mage
  1822 | D        | Killed a deep troll
  1822 | D        | Reached skill level 15 in Fighting
  2063 | D        | Found Zeitt's General Store.
  2067 | D        | Found Feut Gimmatt's Weapon Emporium.
  2069 | D        | Noticed a deep troll
  2071 | D        | Found Eshet's Antique Armour Shoppe.
  2076 | D        | Noticed a deep troll
  2076 | D        | Killed a deep troll
  2076 | D        | Reached skill level 5 in Stealth
  2079 | D        | Noticed an ogre mage
  2082 | D        | Noticed a deep troll
  2085 | D        | Killed a deep troll
  2088 | D        | Killed an ogre mage
  2090 | D        | Killed a deep troll
  2090 | D        | Received a gift from Okawaru
  2090 | D        | Reached skill level 7 in Invocations
  2131 | D        | Bought a faintly glowing plate armour for 896 gold pieces
  2141 | D        | Identified the cursed +1 plate armour of Time Monsters {rC+ MR+ Int+5} (You bought it in a shop in the Dungeon)
  2145 | D        | Bought a ration for 50 gold pieces
  2145 | D        | Bought a ration for 50 gold pieces
  2145 | D        | Bought a scroll of remove curse for 30 gold pieces
  2147 | D        | Bought a +5 amulet of reflection for 494 gold pieces
  2285 | D        | Got the +9 falchion "Mokkox" {vamp, rElec rF+ Dex+4 Stlth+}
  2304 | D        | Identified a +2 pair of boots of running (You found it in the Dungeon)
  2327 | D        | Noticed an unseen horror
  2327 | D        | Noticed a rakshasa
  2330 | D        | Noticed a rakshasa
  2336 | D        | Killed an unseen horror
  2357 | D        | Killed a rakshasa
  2357 | D        | Reached XP level 13. HP: 118/118 MP: 18/18
  2364 | D        | Noticed a centaur warrior
  2365 | D        | Killed a rakshasa
  2371 | D        | Killed a centaur warrior
  2373 | D        | Noticed a stone giant
  2377 | D        | Reached ****** piety under Okawaru
  2377 | D        | Received a gift from Okawaru
  2381 | D        | Noticed a stone giant
  2385 | D        | Killed a stone giant
  2385 | D        | Reached skill level 8 in Invocations
  2390 | D        | Killed a stone giant
  2412 | D        | Got an ancient dagger {god gift}
  2413 | D        | Identified the +7 dagger of Upheaval {flame, rElec rPois MR- Str-2} (Okawaru gifted it to you in the Dungeon)
  2532 | D        | Noticed Saint Roka
  2551 | D        | Killed Saint Roka
  2551 | D        | Received a gift from Okawaru
  2551 | D        | Reached skill level 15 in Armour
  2551 | D        | Reached skill level 9 in Invocations
  2669 | D        | Noticed a thorn hunter
  2677 | D        | Killed a thorn hunter
  2879 | D        | Reached XP level 14. HP: 133/133 MP: 18/21
  2887 | D        | Received a gift from Okawaru
  2887 | D        | Reached skill level 10 in Invocations
  3131 | D        | Reached skill level 10 in Stealth
  3352 | D        | Noticed a tengu reaver
  3367 | D        | Killed a tengu reaver
  3367 | D        | Reached skill level 11 in Invocations
  3392 | D        | Noticed a sphinx
  3406 | D        | Received a gift from Okawaru
  3415 | D        | Killed a sphinx
  3429 | D        | HP: 7/140 [ettin/dire flail (20)]
  3445 | D        | Reached XP level 15. HP: 65/146 MP: 5/23
  3565 | D        | Reached skill level 12 in Invocations
  3573 | D        | Noticed a lich
  3582 | D        | Killed a lich
  3715 | D        | Noticed an ironheart preserver
  3715 | D        | Noticed a vault warden
  3771 | D        | Noticed a deep elf blademaster
  3776 | D        | Noticed a lich
  3784 | D        | Killed a deep elf blademaster
  3784 | D        | Reached skill level 13 in Invocations
  3803 | D        | Killed a lich
  3812 | D        | Killed an ironheart preserver
  3812 | D        | Reached skill level 14 in Invocations
  3819 | D        | Noticed an Orb Guardian
  3819 | D        | Noticed a nagaraja
  3819 | D        | Noticed a deep elf sorcerer
  4222 | D        | Killed a nagaraja
  4222 | D        | Received a gift from Okawaru
  4259 | D        | Killed a deep elf sorcerer
  4259 | D        | Reached skill level 15 in Invocations
  4288 | D        | Noticed a greater mummy
  4288 | D        | Noticed a greater mummy
  4288 | D        | Noticed an Orb Guardian
  4290 | D        | Noticed an emperor scorpion
  4312 | D        | Killed a greater mummy
  4312 | D        | Reached skill level 16 in Invocations
  4340 | D        | Killed a greater mummy
  4340 | D        | Reached skill level 17 in Invocations
  4345 | D        | Killed an Orb Guardian
  4348 | D        | Killed an Orb Guardian
  4348 | D        | Reached skill level 18 in Invocations
  4356 | D        | Reached XP level 16. HP: 36/154 MP: 21/29
  4742 | D        | Noticed a lich
  4743 | D        | Noticed an orb of fire
  4748 | D        | Killed a lich
  4748 | D        | Received a gift from Okawaru
  4748 | D        | Reached skill level 19 in Invocations
  4754 | D        | Gained mutation: Scrolls take you a little longer to read. [an orb of fire]
  4758 | D        | Gained mutation: You occasionally shout uncontrollably at your foes. [an orb of fire]
  4761 | D        | Killed an orb of fire
  4761 | D        | Reached skill level 21 in Invocations
  4765 | D        | Reached skill level 22 in Invocations
  5081 | D        | Killed a vault warden
  5084 | D        | Reached skill level 23 in Invocations
  5323 | D        | Reached skill level 24 in Invocations
  5347 | D        | Reached skill level 1 in Bows
  5395 | D        | Received a gift from Okawaru
  5423 | D        | Noticed a fire giant
  5424 | D        | Noticed a vault warden
  5432 | D        | Killed a fire giant
  5441 | D        | Killed a vault warden
  5441 | D        | Reached skill level 5 in Evocations
  5465 | D        | Reached skill level 5 in Bows
  5703 | D        | Noticed Kirke
  5723 | D        | Killed Kirke
  5738 | D        | Noticed Mara
  5739 | D        | Noticed emperorscorpion's illusion
  5752 | D        | Killed Mara
  5752 | D        | Reached skill level 25 in Invocations
  5930 | D        | Noticed Frederick
  5944 | D        | Killed Frederick
  5944 | D        | Received a gift from Okawaru
  5944 | D        | Reached XP level 17. HP: 120/160 MP: 33/33
  5971 | D        | Noticed Margery
  5977 | D        | Reached skill level 10 in Bows
  5981 | D        | Killed Margery
  5983 | D        | Reached skill level 10 in Evocations
  6110 | D        | Reached skill level 26 in Invocations
  6403 | D        | Got a gossamer rune of Zot
  6431 | D        | Received a gift from Okawaru
  6440 | D        | Noticed Ilsuiw
  6456 | D        | Killed Ilsuiw
  6456 | D        | Reached skill level 27 in Invocations
  6462 | D        | Received a gift from Okawaru
  6480 | D        | Received a gift from Okawaru
  6493 | D        | Reached skill level 15 in Bows
  6509 | D        | Got a pair of smoking gloves {god gift}
  6520 | D        | Identified the +0 pair of gloves "Myhoux" {*Contam rCorr Dex+4 Stlth+} (Okawaru gifted it to you in the Dungeon)
  6525 | D        | Got a barnacled rune of Zot
  6574 | D        | Reached skill level 15 in Evocations
  6595 | D        | Got a serpentine rune of Zot
  6807 | D        | Reached XP level 18. HP: 168/168 MP: 33/35
  6872 | D        | Got a decaying rune of Zot
  6892 | D        | Noticed Jory
  6895 | D        | Noticed Xtahua
  6910 | D        | Killed Jory
  6910 | D        | Received a gift from Okawaru
  6920 | D        | Killed Xtahua
  6920 | D        | Received a gift from Okawaru
  6921 | D        | Got a polished quarterstaff {god gift}
  6922 | D        | Identified the +2 quarterstaff of Valiance {venom, rC+} (Okawaru gifted it to you in the Dungeon)
  6959 | D        | Noticed Sojobo
  6983 | D        | Killed Sojobo
  7054 | D        | Received a gift from Okawaru
  7199 | D        | Noticed a lich
  7237 | D        | Killed a lich
  7250 | D        | Noticed Lom Lobon
  7396 | D        | HP: 5/168 [ball lightning[Lom Lobon] (10)]
  7401 | D        | HP: 1/168 [ball lightning[Lom Lobon] (14)]
  7405 | D        | Mangled by an orc knight

Vault maps used:
D:        linesprint

Skill      XL: |  1  2  3  4  5  6  7  8  9 10 11 12 13 14 15 16 17 18 |
---------------+-------------------------------------------------------+-----
Shields        | 4 5 7 8 9 11 12 13 14 15 17 20 22 | 22.0
Armour         | 4 5 6 7 8 9 10 11 12 14 15 17 22 | 22.0
Fighting       | 4 5 6 7 9 10 11 12 14 16 19 22 | 22.0
Staves         | 3 4 |  4.2
Dodging        | 1 2 3 4 5 6 7 8 9 |  9.4
Short Blades   | 1 3 |  3.3
Polearms       | 2 5 9 12 15 | 15.8
Invocations    | 1 2 3 5 7 9 11 18 25 27 | 27.0
Stealth        | 1 2 6 9 10 13 | 13.1
Evocations     | 2 3 9 15 20 | 20.1
Bows           | 9 17 22 | 22.3

Action                   |  1- 3 |  4- 6 |  7- 9 | 10-12 | 13-15 | 16-18 || total
-------------------------+-------+-------+-------+-------+-------+-------++-------
Melee: Quarterstaff      |    33 |       |       |       |       |       ||    33
       Rapier            |       |    25 |       |       |       |       ||    25
       Halberd           |       |       |    65 |   239 |       |       ||   304
       Glaive            |       |       |       |    44 |   386 |   788 ||  1218
 Fire: Longbow           |       |       |       |       |       |    48 ||    48
Invok: Heroism           |       |     1 |     2 |    11 |    13 |    13 ||    40
       Finesse           |       |       |       |     1 |     5 |     4 ||    10
Evoke: Wand              |       |       |       |     5 |     1 |     2 ||     8
  Use: Potion            |       |       |       |     2 |     6 |    14 ||    22
       Scroll            |       |       |       |       |       |     2 ||     2
 Stab: Invisible         |       |       |       |     2 |       |       ||     2
       Confused          |       |       |       |       |     2 |       ||     2
       Sleeping          |       |       |       |       |     1 |     2 ||     3
  Eat: Chunk             |       |       |       |     5 |     4 |     5 ||    14
       Ration            |       |       |       |       |     1 |     1 ||     2
Armor: Scale mail        |    19 |     1 |       |       |       |       ||    20
       Plate armour      |       |       |    26 |    41 |    71 |   114 ||   252
       Skin              |       |       |       |       |       |    11 ||    11
Dodge: Dodged            |    12 |     8 |    16 |    34 |    50 |   103 ||   223
Block: Shield            |    13 |    12 |    45 |    88 |   219 |    45 ||   422
       Reflection        |       |       |       |     1 |    13 |    23 ||    37
       Large shield      |       |       |       |       |       |   467 ||   467

Table legend:
 A = Spawn XP
 B = Non-spawn XP
 C = Spawn XP percentage of total XP
 D = Spawn monster count
 E = Non-spawn monster count
 F = Spawn count percentage of total count
 G = Total turns spent on level
                    A         B        C        D         E        F      G
               +---------+---------+-------+---------+---------+-------+---------
         Total |       0 |  264465 |   0.0 |       0 |     291 |   0.0 |  7405
               +---------+---------+-------+---------+---------+-------+---------
             D |       0 |  264465 |   0.0 |       0 |     291 |   0.0 |  7405
               +---------+---------+-------+---------+---------+-------+---------
